 Dungeon Crawl Stone Soup version 0.28-a0-556-gab23d0e057 (webtiles) character file.

Game seed: 2870261150377338908

1066 robertstho the Magician (level 8, 0/55 HPs)
             Began as a Djinni Fire Elementalist on Sept 28, 2021.
             Slain by an orc warrior (22 damage)
             ... on level 4 of the Dungeon.
             The game lasted 00:05:59 (6180 turns).

robertstho the Magician (Djinni Fire Elementalist)  Turns: 6180, Time: 00:06:00

Health: 0/55       AC:  3    Str:  7    XL:     8   Next: 52%
Gold:   145        EV: 13    Int: 19    God:
                   SH:  0    Dex: 14

rFire   + + .      SeeInvis .   f - +1 falchion (elec)
rCold   x . .      Faith    .   (no shield)
rNeg    . . .      Spirit   .   a - +0 robe
rPois   ∞          Reflect  .   m - +0 helmet
rElec   .          Harm     .   (no cloak)
rCorr   .          Rampage  .   (no gloves)
Will    .....                   (boots unavailable)
Stlth   ++........              (no amulet)
HPRegen 0.18/turn               (no ring)
MPRegen 0.00/turn               (no ring)

@: flying
A: sickness immunity, fire resistance 2, cold vulnerability 1, float, innate
caster, hp casting, extra vitality 1
a: no special abilities


You were on level 4 of the Dungeon.
You visited 1 branch of the dungeon, and saw 4 of its levels.

You collected 145 gold pieces.

Inventory:

Hand Weapons
 f - a +1 falchion of electrocution (weapon)
 k - a +1 vampiric dagger
Missiles
 n - 2 throwing nets
Armour
 a - a +0 robe (worn)
 m - a +0 helmet (worn)
Wands
 j - a wand of polymorph (8)
Scrolls
 b - a scroll of enchant armour {unknown}
 d - 6 scrolls of teleportation {unknown}
 g - a scroll of holy word {unknown}
 h - a scroll of acquirement {unknown}
 i - 4 scrolls of identify {unknown}
 l - 3 scrolls of amnesia {unknown}
Potions
 c - a potion of attraction {unknown}
 e - a potion of curing {unknown}
 o - a potion of ambrosia
 p - a potion of resistance {unknown}


   Skills:
 * Level 2.8 Fighting
 + Level 1.0 Long Blades
 + Level 3.1 Dodging
 + Level 2.4 Stealth
 * Level 6.8 Spellcasting


You had 2 spell levels left.
You knew the following spells:

 Your Spells              Type           Power      Damage    Failure   Level
a - Foxfire               Conj/Fire      100%       2x1d9     1%          1
b - Scorch                Fire           64%        2d8       1%          2
c - Conjure Flame         Conj/Fire      32%        6-21      1%          3
d - Inner Flame           Hex/Fire       32%        N/A       1%          3
e - Flame Wave            Conj/Fire      32%        3d7       6%          4
f - Animate Skeleton      Necr           64%        N/A       1%          1
g - Call Imp              Summ           32%        N/A       1%          2
h - Corpse Rot            Necr/Air       N/A        N/A       1%          2
Your spell library was empty.

Dungeon Overview and Level Annotations

Branches:
Dungeon (4/15)
 Temple: D:4-7

Altars:


Innate Abilities, Weirdness & Mutations

You are immune to sickness and miasma.
You are immune to poison.
Your flesh is very heat resistant. (rF++)
You are vulnerable to cold. (rC-)
You float through the air rather than walking.
You learn spells naturally, not from books.
Your magical power is your life essence.
You have superior vitality. (+4 HP)


Message History

Confirm with . or Enter, or press ? or * to list all spells.
Nothing appears to happen.
Casting: Scorch (safe; 1% risk of failure)
Confirm with . or Enter, or press ? or * to list all spells.
Flames lash the orc warrior but do no damage.
The orc warrior hits you with a +0 scimitar!
Casting: Scorch (safe; 1% risk of failure)
Confirm with . or Enter, or press ? or * to list all spells.
Flames lash the orc warrior but do no damage.
The orc warrior closely misses you.
Casting: Scorch (safe; 1% risk of failure)
Confirm with . or Enter, or press ? or * to list all spells.
Flames lash the orc.
The orc is almost dead.
The orc's fire resistance burns away.
The orc warrior is no longer more vulnerable to fire.
Casting: Scorch (safe; 1% risk of failure)
Confirm with . or Enter, or press ? or * to list all spells.
Flames lash the orc warrior but do no damage.
The orc closely misses you. The orc warrior barely misses you.
Casting: Scorch (safe; 1% risk of failure)
Confirm with . or Enter, or press ? or * to list all spells.
Flames lash the orc wizard.
The orc wizard is severely wounded.
The orc wizard's fire resistance burns away.
The orc misses you. The orc warrior closely misses you.
The endoplasm jiggles.
Casting: Scorch (safe; 1% risk of failure)
Confirm with . or Enter, or press ? or * to list all spells.
Casting: Flame Wave (dangerous; 6% risk of failure)
Press: ? - help, Dir - look around, f - activate A wave of flame ripples out!
The flame wave engulfs the orc warrior!
The orc warrior is severely wounded.
The flame wave engulfs the endoplasm!
You kill the endoplasm!
The flame wave engulfs the orc!
The orc is burned terribly!
You kill the orc! (Press . to intensify the flame waves.)
The orc warrior hits you with a +0 scimitar!!
You die...

.##############...####.#
.# #..)# .# #...# # .#
############...#.#
.###..............#.##.
.....................>.#
..................#.#..#
.###.##########.#.#)...#
................@o......
..##.#######..#.#)######
..##.# #.....o.. ..##.#
##..o#)### ...#.###
#.#.#.# ........ ..#.#.#
....#### ##.#.#.# .####
#. .# .#


You could see an orc warrior, an orc wizard (combustible) and an orc.

Vanquished Creatures
  Sigmund (D:3)
  Duvessa (D:4)
  A necrophage (D:4)
  A bullfrog (D:4)
  Dowan (D:4)
  2 scorpions (D:4)
  A howler monkey (D:4)
  2 vampire bats (D:3)
  2 orc priests (D:4)
  A centaur skeleton (D:4)
  2 hounds (D:4)
  An iguana (D:4)
  An orc wizard (D:4)
  Natasha (D:3)
  A hound skeleton (D:4)
  3 gnolls (D:3)
  An adder (D:4)
  A worm (D:2)
  2 dart slugs (D:1)
  9 orcs
  5 ball pythons
  16 bats
  4 endoplasms
  6 giant cockroaches
  6 goblins
  6 hobgoblins
  12 jackals
  2 quokkas
  3 frilled lizards (D:1)
  4 kobolds
  4 rats
103 creatures vanquished.

Vanquished Creatures (others)
  301 foxfires
301 creatures vanquished.

Grand Total: 404 creatures vanquished

Notes
Turn   | Place    | Note
-------+----------+-------------------------------------------
     0 | D:1      | robertstho the Djinni Fire Elementalist began the quest for
                  | the Orb.
     0 | D:1      | Reached XP level 1. HP: 15/15 MP: 0/0
   417 | D:1      | Reached XP level 2. HP: 17/21 MP: 0/0
   789 | D:1      | Reached skill level 3 in Spellcasting
   878 | D:1      | Reached XP level 3. HP: 22/25 MP: 0/0
   878 | D:1      | Learned a level 1 spell: Animate Skeleton
  2283 | D:2      | Reached XP level 4. HP: 24/31 MP: 0/0
  3139 | D:2      | Reached skill level 1 in Fighting
  3551 | D:3      | Noticed Sigmund
  3558 | D:3      | Killed Sigmund
  3559 | D:3      | Reached skill level 4 in Spellcasting
  3559 | D:3      | Reached XP level 5. HP: 24/37 MP: 0/0
  3559 | D:3      | Learned a level 2 spell: Call Imp
  3559 | D:3      | Reached XP level 6. HP: 28/42 MP: 0/0
  4229 | D:3      | Noticed Natasha
  4231 | D:3      | Killed Natasha
  4232 | D:3      | Reached skill level 5 in Spellcasting
  4793 | D:3      | Reached XP level 7. HP: 32/48 MP: 0/0
  4793 | D:3      | Learned a level 2 spell: Corpse Rot
  5665 | D:4      | Noticed Duvessa
  5675 | D:4      | Noticed Dowan
  5676 | D:4      | Killed Duvessa
  5677 | D:4      | Reached skill level 6 in Spellcasting
  5677 | D:4      | Reached XP level 8. HP: 21/55 MP: 0/0
  5693 | D:4      | Killed Dowan
  5746 | D:4      | Reached skill level 1 in Long Blades
  6180 | D:4      | Slain by an orc warrior

Illustrated notes

Levels and vault maps discovered:
D:1:      ebering_trefoil_twist, layout_basic, minmay_misc_feat_x, st_stairs_9
D:2:      layout_basic
D:3:      layout_basic, roderic_batcave, uniq_natasha, uniq_sigmund
D:4:      minmay_chambers_of_fours, layout_basic, makhleb_altar_promises_db,
          uniq_duvessa

Skill      XL: |  1  2  3  4  5  6  7  8 |
---------------+-------------------------+-----
Spellcasting   | 3 4 5 6 |  6.8
Fighting       | 1 2 |  2.8
Stealth        | 2 |  2.4
Dodging        | 3 |  3.1
Long Blades    | 1 |  1.0

Action                   |  1- 3 |  4- 6 |  7- 9 || total
-------------------------+-------+-------+-------++-------
Melee: Unarmed           |     3 |       |       ||     3
       Falchion          |       |    11 |     5 ||    16
 Cast: Foxfire           |    89 |    61 |    31 ||   181
       Scorch            |    11 |    12 |    51 ||    74
       Flame Wave        |       |     1 |     1 ||     2
       Animate Skeleton  |       |       |     1 ||     1
       Call Imp          |       |       |     1 ||     1
  Use: Potion            |       |       |     2 ||     2
 Stab: Sleeping          |       |     1 |       ||     1
Armor: Robe              |     3 |     8 |     5 ||    16
Dodge: Dodged            |    16 |    20 |    26 ||    62

Table legend: (Time is in decaauts)
 A = Elapsed time spent in this place.
 B = Non-inter-level travel time spent in this place.
 C = Inter-level travel time spent in this place.
 D = Time resting spent in this place.
 E = Time spent auto-exploring this place.
 F = Levels seen in this place.
 G = Mean time per level.
                   A        B        C        D        E       F      G
               +--------+--------+--------+--------+--------+-----+--------+
         Total |   6183 |   6093 |     90 |    153 |   5284 |   4 | 1545.8 |
       Dungeon |   6183 |   6093 |     90 |    153 |   5284 |   4 | 1545.8 |
               +--------+--------+--------+--------+--------+-----+--------+

Top non-repeatable levels by time:
     D:1: 2279 daAuts
     D:3: 1338 daAuts
     D:2: 1289 daAuts
     D:4: 1276 daAuts
